 Dungeon Crawl Stone Soup version 0.27.0-1-g7a089689b8 (webtiles) character file.

Game seed: 8838629683408031173

68 solopath the Poker (level 4, 33/33 HPs)
             Began as a Demonspawn Gladiator on Aug 6, 2021.
             Quit the game on level 2 of the Dungeon.
             The game lasted 00:03:02 (1555 turns).

solopath the Poker (Demonspawn Gladiator)           Turns: 1555, Time: 00:03:02

Health: 33/33      AC:  5    Str: 14    XL:     4   Next: 1%
Magic:  4/4        EV: 12    Int: 10    God:
Gold:   85         SH:  0    Dex: 15    Spells: 3/3 levels left

rFire    . . .     SeeInvis .   a - +0 trident
rCold    . . .     Faith    .   (no shield)
rNeg     . . .     Spirit   .   b - +0 leather armour
rPois    .         Reflect  .   c - +0 helmet
rElec    .         Harm     .   (no cloak)
rCorr    .         Rampage  .   (no gloves)
Will     .....                  k - +0 pair of boots
Stlth    +.........             (no amulet)
HPRegen  0.11/turn              (no ring)
MPRegen  0.09/turn              (no ring)

@: no status effects
A: demonic guardian 1, spiny 1
a: no special abilities


You were on level 2 of the Dungeon.
You visited 1 branch of the dungeon, and saw 2 of its levels.

You collected 85 gold pieces.

Inventory:

Hand Weapons
 a - a +0 trident (weapon)
Missiles
 d - 3 throwing nets (quivered)
Armour
 b - a +0 leather armour (worn)
 c - a +0 helmet (worn)
 k - a +0 pair of boots (worn)
Scrolls
 e - a scroll of vulnerability {unknown}
 f - 2 scrolls of enchant weapon {unknown}
 i - 2 scrolls of identify {unknown}
Potions
 g - a potion of curing {unknown}
 h - 2 potions of lignification {unknown}
 j - a potion of might {unknown}
 l - 2 potions of attraction {unknown}


   Skills:
 - Level 2.0 Fighting
 + Level 4.4 Polearms
 - Level 1.7 Throwing
 - Level 2.6 Dodging


You had 3 spell levels left.
You didn't know any spells.
Your spell library contained the following spells:

 Spells                   Type           Power      Damage    Failure   Level
 Slow                     Hex            0%         N/A       58%         2
 Confusing Touch          Hex            0%         N/A       82%         3
 Vampiric Draining        Necr           0%         2d6       82%         3


Dungeon Overview and Level Annotations

Branches:
Dungeon (2/15)

Altars:


Innate Abilities, Weirdness & Mutations

A weak demonic guardian rushes to your aid.
You are partially covered in sharp spines.


Message History

The stone hits you but does no damage.
You reach to attack!
You hit the goblin.
You kill the goblin!
No target in view!
Things that are here:
a +0 dagger; a goblin skeleton
Things that are here:
a +0 club; a goblin skeleton
Things that are here:
a frilled lizard skeleton; a hobgoblin skeleton; a hobgoblin skeleton
Things that are here:
a +0 scale mail; a hobgoblin skeleton You open the door.
There is an open door here.
A ball python comes into view.
A ball python is nearby!
The ball python hisses angrily.
You reach to attack!
You barely miss the ball python. You barely miss the ball python.
The ball python barely misses you.
You barely miss the ball python.
The ball python is struck by your spines.
You kill the ball python!
No target in view!
No target in view!
A quokka comes into view.
Found 26 bolts.
A quokka is nearby!
A quokka is nearby!
A quokka is nearby!
You hit the quokka.
The quokka is severely wounded.
The quokka is struck by your spines.
You kill the quokka!
You have reached level 4!
You feel agile.
Your demonic ancestry asserts itself...
You feel the presence of a demonic guardian.
A goblin comes into view. It is wielding a +0 club.
The goblin shouts!
A goblin is nearby!
Are you sure you want to abandon this character and quit the game? (Confirm with "yes".)

.......................
#...............####... #
#.#....#########.......
#.#.##...#########.>.....
.................'.....##
#........#########.....##
.........# #......#
#.......####### ######.#
.####+#.@.....# #..
+.......# ##. #.......#
#. #.......# #. #.......#
## ........# # .....(g.#
# #........# # #


You could see a goblin.

Vanquished Creatures
  An adder (D:2)
  An ufetubus (D:2)
  A worm (D:2)
  An endoplasm (D:1)
  A giant cockroach (D:1)
  10 goblins
  8 hobgoblins
  9 jackals (D:1)
  A quokka (D:2)
  4 ball pythons
  A bat (D:1)
  4 frilled lizards
  A kobold (D:1)
  2 rats (D:1)
45 creatures vanquished.

Notes
Turn   | Place    | Note
-------+----------+-------------------------------------------
     0 | D:1      | solopath the Demonspawn Gladiator began the quest for the
                  | Orb.
     0 | D:1      | Reached XP level 1. HP: 16/16 MP: 1/1
    32 | D:1      | Reached skill level 3 in Polearms
   379 | D:1      | Gained mutation: You are partially covered in sharp spines.
                  | [demonic ancestry]
   379 | D:1      | Reached XP level 2. HP: 20/22 MP: 2/2
   750 | D:1      | Reached XP level 3. HP: 22/27 MP: 3/3
  1031 | D:2      | Reached skill level 4 in Polearms
  1554 | D:2      | Gained mutation: A weak demonic guardian rushes to your
                  | aid. [demonic ancestry]
  1554 | D:2      | Reached XP level 4. HP: 33/33 MP: 4/4
  1555 | D:2      | Quit the game

Illustrated notes

Levels and vault maps discovered:
D:1:      minmay_arrival_open_corners, layout_loops_cross
D:2:      layout_basic, minmay_goblin_outpost

Skill      XL: |  1  2  3 |
---------------+----------+-----
Polearms       | 3 4 |  4.4
Fighting       | |  2.0
Throwing       | |  1.7
Dodging        | |  2.6

Action                   |  1- 3 |  4- 6 || total
-------------------------+-------+-------++-------
Melee: Trident           |   114 |       ||   114
Armor: Leather armour    |    35 |       ||    35
Dodge: Dodged            |    65 |       ||    65
